 Dungeon Crawl Stone Soup version 0.30.1-4-g462c640d31 (webtiles) character file.

Game seed: 9846304862927333944

51 Bobit the Chopper (level 3, -2/28 HPs)
             Began as a Gnoll Wanderer on Aug 17, 2023.
             Slain by a hobgoblin (3 damage)
             ... led by Robin
             ... on level 2 of the Dungeon.
             The game lasted 00:01:53 (1213 turns).

Bobit the Chopper (Gnoll Wanderer)                  Turns: 1213, Time: 00:01:53

Health: -2/28      AC:  3    Str: 15    XL:     3   Next: 83%
Magic:  13/13      EV: 12    Int: 10    God:
Gold:   74         SH:  0    Dex: 10    Spells: 4/4 levels left

rFire   . . .        b - +0 hand axe
rCold   . . .        (no shield)
rNeg    . . .        f - +0 leather armour
rPois   .            (no helmet)
rElec   .            (no cloak)
rCorr   .            (no gloves)
SInv    .            (no boots)
Will    .....        (no amulet)
Stlth   +            j - ring of magical power
HPRegen 0.24/turn    (no ring)
MPRegen 0.13/turn

%: no passive effects
@: no status effects
A: fangs 1, strong nose, distributed training
a: no special abilities


You were on level 2 of the Dungeon.
You visited 1 branch of the dungeon, and saw 2 of its levels.

You collected 74 gold pieces.

Inventory:

Hand Weapons
 a - a +2 falchion
 b - a +0 hand axe (weapon)
 d - a +0 dagger
Missiles
 c - 7 boomerangs (quivered)
Armour
 f - a +0 leather armour (worn)
Jewellery
 j - a ring of magical power (left hand)
 l - a ring of fire
Scrolls
 e - a scroll of fear
 g - a scroll of vulnerability {unknown}
 h - 2 scrolls of teleportation {unknown}
 i - 2 scrolls of identify {unknown}
Potions
 k - a potion of magic


   Skills:
 + Level 2.7 Fighting
 + Level 1.0 Short Blades
 + Level 6.5 Long Blades
 + Level 6.5 Axes
 + Level 1.0 Maces & Flails
 + Level 1.0 Polearms
 + Level 1.0 Staves
 + Level 1.0 Ranged Weapons
 + Level 2.7 Throwing
 + Level 1.0 Armour
 + Level 2.7 Dodging
 + Level 1.0 Stealth
 + Level 1.0 Shields
 + Level 1.0 Unarmed Combat
 + Level 1.0 Spellcasting
 + Level 0.7 Conjurations
 + Level 0.7 Hexes
 + Level 0.7 Summonings
 + Level 0.7 Necromancy
 + Level 0.7 Translocations
 + Level 0.7 Transmutations
 + Level 0.7 Fire Magic
 + Level 0.7 Ice Magic
 + Level 0.7 Air Magic
 + Level 0.7 Earth Magic
 + Level 0.7 Poison Magic
 + Level 1.1 Invocations
 + Level 2.7 Evocations


You had 4 spell levels left.
You didn't know any spells.
Your spell library was empty.

Dungeon Overview and Level Annotations

Branches:
Dungeon (2/15)

Altars:
Gozag

Annotations:
D:2 Robin


Innate Abilities, Weirdness & Mutations

You have very sharp teeth.
Your uncanny sense of smell can sniff out nearby items.
Your experience applies equally to all skills.


Message History

You hit the goblin.
You kill the goblin!
You barely miss the goblin. The goblin hits you with a +0 club.
You closely miss the goblin.
Robin roars a battlecry!
The goblins go into a battle-frenzy!
You slash the goblin!
You kill the goblin!
You closely miss the goblin. The goblin closely misses you.
You hit the goblin.
The goblin is moderately wounded.
The goblin hits you with a +0 club.
You hit the goblin.
The goblin is severely wounded.
The goblin barely misses you.
You slash the goblin!
You kill the goblin!
You closely miss the goblin.
The goblin unwields a +0 club.
The goblin wields a +0 sling.
The goblin shoots a sling bullet.
The sling bullet barely misses you. The goblin hits you with a +0 dagger.
You barely miss the goblin. You hit the goblin.
You kill the goblin!
The goblin barely misses you.
You closely miss the goblin. You barely miss the goblin.
Robin throws the goblin at you! The goblin misses you.
You closely miss the hobgoblin. You hit the goblin.
You closely miss the goblin. You hit the goblin.
The goblin hits you with a +0 club. The hobgoblin hits you.
The goblin hits you with a +0 dagger.
* * * LOW HITPOINT WARNING * * *
The goblin unwields a +0 sling.
The goblin wields a +0 club.
The goblin completely misses you.
It was a potion of magic.
Magic courses through your body. The hobgoblin closely misses you.
The goblin hits you but does no damage. The goblin barely misses you.
The goblin hits you but does no damage. The goblin attacks as you move away!
The goblin hits you with a +0 club.
* * * LOW HITPOINT WARNING * * *
The hobgoblin hits you.
You die...

..## #..#.........#
#######.#.##..)...#
.....†..#.#...).#.#
#####)....#...†...######.
..###.....#####..........
##.##.#...# #..........
###.##....# ##.._.......
###.#.....####..gg.......
##.##...........@.g..$...
#.#.#......######g#g.....
#†#.#......# #gg.#####
.#####.#...# ##..#
####.......# '##
###.##.#...# ..
.#.##......# ∆...
#.###.....<### ... #.#
#........#


You could see Robin, a hobgoblin (strong) and 5 goblins.

Vanquished Creatures
  A worm (D:2)
  3 endoplasms
  2 giant cockroaches
  9 goblins
  A hobgoblin (D:1)
  3 quokkas
  7 ball pythons
  6 bats
  2 frilled lizards
  7 kobolds
  6 rats
47 creatures vanquished.

Notes
Turn   | Place    | Note
-------+----------+-------------------------------------------
     0 | D:1      | Bobit the Gnoll Wanderer began the quest for the Orb.
     0 | D:1      | Bobit set off with the following items: a +2 falchion, a +0
                  | hand axe, 7 boomerangs, a +0 dagger, a scroll of fear, a +0
                  | leather armour.
     0 | D:1      | Reached XP level 1. HP: 17/17 MP: 1/1
   219 | D:1      | Reached XP level 2. HP: 23/23 MP: 2/2
   763 | D:2      | Reached XP level 3. HP: 28/28 MP: 3/3
   945 | D:2      | Reached skill level 1 in Invocations
  1185 | D:2      | Found an opulent altar of Gozag.
  1190 | D:2      | Reached skill level 1 in Short Blades
  1190 | D:2      | Reached skill level 1 in Maces & Flails
  1190 | D:2      | Reached skill level 1 in Polearms
  1190 | D:2      | Reached skill level 1 in Staves
  1190 | D:2      | Reached skill level 1 in Ranged Weapons
  1190 | D:2      | Reached skill level 1 in Armour
  1190 | D:2      | Reached skill level 1 in Stealth
  1190 | D:2      | Reached skill level 1 in Shields
  1190 | D:2      | Reached skill level 1 in Unarmed Combat
  1190 | D:2      | Reached skill level 1 in Spellcasting
  1199 | D:2      | Noticed Robin
  1213 | D:2      | HP: 1/28 [goblin/+0 club[Robin] (6)]
  1213 | D:2      | Slain by a hobgoblin

Illustrated notes

Levels and vault maps discovered:
D:1:      saegor_arrival_fortress, layout_basic, grunt_decor_arrowhead
D:2:      wad_river_or_something, layout_basic, basic_altar,
          minmay_pentomino_pile, uniq_robin

Skill      XL: |  1  2  3 |
---------------+----------+-----
Invocations    | 1 |  1.1
Short Blades   | 1 |  1.0
Maces & Flails | 1 |  1.0
Polearms       | 1 |  1.0
Staves         | 1 |  1.0
Ranged Weapons | 1 |  1.0
Armour         | 1 |  1.0
Stealth        | 1 |  1.0
Shields        | 1 |  1.0
Unarmed Combat | 1 |  1.0
Spellcasting   | 1 |  1.0
Fighting       | |  2.7
Long Blades    | |  6.5
Axes           | |  6.5
Throwing       | |  2.7
Dodging        | |  2.7
Conjurations   | |  0.7
Hexes          | |  0.7
Summonings     | |  0.7
Necromancy     | |  0.7
Translocations | |  0.7
Transmutations | |  0.7
Fire Magic     | |  0.7
Ice Magic      | |  0.7
Air Magic      | |  0.7
Earth Magic    | |  0.7
Poison Magic   | |  0.7
Evocations     | |  2.7

Action                     || total
---------------------------++-------
  Melee: Falchion          ||    65
         Bite              ||     8
         Punch             ||     5
         Hand axe          ||    89
    Use: Potion            ||     1
 Armour: Leather armour    ||    48
  Dodge: Dodged            ||   102
